 Dungeon Crawl Stone Soup version 0.31-a0-819-gf6de2f5ab6 (webtiles) character file.

Game seed: 7138975449903273696

2438 qw the Skirmisher (level 9, -6/57 HPs)
             Began as a Gargoyle Hunter on Sept 23, 2023.
             Was an Initiate of Okawaru.
             Killed by divine providence
             ... invoked by Jeremiah
              (13 damage)
             ... on level 6 of the Dungeon.
             The game lasted 00:02:45 (5684 turns).

qw the Skirmisher (Gargoyle Hunter)                 Turns: 5684, Time: 00:02:46

Health: -6/57      AC: 14    Str: 14    XL:     9   Next: 49%
Magic:  9/9        EV: 11    Int: 11    God:    Okawaru [......]
Gold:   60         SH:  5    Dex: 17    Spells: 8/8 levels left

rFire   . . .        Y - +1 shortbow
rCold   . . .        (shield currently unavailable)
rNeg    + . .        g - +0 ring mail
rPois   inf          d - +1 helmet
rElec   +            (no cloak)
rCorr   .            (no gloves)
SInv    .            (no boots)
Will    .....        f - amulet of reflection
Stlth   +            (no ring)
HPRegen 0.29/turn    (no ring)
MPRegen 0.11/turn

%: reflection
@: no status effects
A: sickness immunity, AC +6, negative energy resistance 1, electricity
resistance, torment resistance 1, petrification resistance
a: Renounce Religion


You were on level 6 of the Dungeon.
You worshipped Okawaru.
Okawaru was noncommittal.
You visited 2 branches of the dungeon, and saw 8 of its levels.

You collected 164 gold pieces.
You spent 104 gold pieces at shops.


Innate Abilities, Weirdness & Mutations

You are immune to sickness and miasma.
Your stone body is resilient. (AC +6)
You are immune to poison.
You resist negative energy. (rN+)
You are resistant to electric shocks. (rElec)
You are resistant to unholy torment.
You are immune to petrification.


   Skills:
 - Level 7.0 Fighting
 - Level 11.0 Ranged Weapons
 - Level 2.6 Armour
 + Level 2.4 Dodging
 - Level 1.1 Stealth


You had 8 spell levels left.
You didn't know any spells.
Your spell library was empty.

Inventory:

Hand Weapons
 Y - a +1 shortbow (weapon)
Armour
 d - a +1 helmet (worn)
 g - a +0 ring mail (worn)
Jewellery
 f - an amulet of reflection (around neck)
Scrolls
 a - a scroll of identify
Potions
 c - a potion of brilliance {unknown}
 e - a potion of resistance
 h - a potion of attraction {unknown}
 j - a potion of mutation {unknown}
 k - a potion of curing {unknown}

Dungeon Overview and Level Annotations

Branches:
Dungeon (7/15)             Temple (1/1) D:6

Altars:
Ashenzari
Cheibriados
Dithmenos
Elyvilon
Fedhas
Gozag
Hepliaklqana
Kikubaaqudgha
Makhleb
Nemelex Xobeh
Okawaru
Qazlal
Ru
Sif Muna
Uskayaw
Vehumet
Wu Jian
Xom
Yredelemnul
Zin
The Shining One

Shops:
D:1 :   D:4 :   D:5 ?

Annotations:
D:6 1 runed translucent door, Crazy Yiuf, Jeremiah


Message History

Jeremiah is engulfed in poison gas.
Jeremiah is poisoned.
Jeremiah mumbles a slurred invocation.
Something smites you!
The butterfly is poisoned.
You shoot an arrow. The arrow hits Jeremiah.
Jeremiah is moderately wounded.
The butterfly is engulfed in poison gas.
The butterfly is poisoned.
You kill the butterfly!
The butterfly disappears in a burst of colours!
The butterfly is engulfed in poison gas.
The butterfly is poisoned.
You kill the butterfly!
The butterfly disappears in a burst of colours!
Jeremiah throws their arms up pleadingly.
Something smites you!
Enter note:
Enter note: The butterfly is engulfed in poison gas.
The butterfly is poisoned.
You kill the butterfly!
The butterfly disappears in a burst of colours!
The butterfly is engulfed in poison gas.
The butterfly is poisoned.
You kill the butterfly!
The butterfly disappears in a burst of colours!
You shoot an arrow. The arrow hits Jeremiah.
Jeremiah is heavily wounded.
The butterfly is engulfed in poison gas.
The butterfly is poisoned.
You kill the butterfly!
The butterfly disappears in a burst of colours!
You shoot an arrow. The arrow closely misses Jeremiah.
The butterfly is engulfed in poison gas.
The butterfly is poisoned.
You kill the butterfly!
The butterfly disappears in a burst of colours!
Jeremiah mumbles a slurred invocation.
Something smites you!
You die...
Jeremiah asks, "Is it over?
Can I wake up now?"

......#..###.. . #..)#
#####.#..# #.. .. #####
#.#..# #.. ... #.#..###.#
.... ### #.#..#....
.....##.###.# #.#..#.#.#
#######.....>.(..# #....#.#.#
#.(......###.#....
......#.##.#.###.####...###.#
#.#
......+.......##@#.##.......#
? .....
##.#.#...0.0.##.......# .....
...#.#.###0#.##.......#
.........###.# #0#.##..####.#
.........# #.# #b# ... ###
........ ...


bFb .. .......# #.# b## ## .......# #.# . #. #. You could see Jeremiah
(poisoned).

Vanquished Creatures
  Pikel (D:6)
  A water moccasin (D:5)
  2 black bears
  A sky beast (D:4)
  An ogre (D:4)
  A centaur (D:5)
  2 phantoms
  2 lemures (D:5)
  A bullfrog (D:6)
  2 necrophages (D:4)
  3 scorpions
  A centaur zombie (D:4)
  A bullfrog zombie (D:4)
  3 orc priests
  A human zombie (D:4)
  2 hounds (D:5)
  2 scorpion zombies (D:4)
  Natasha (thrice) (D:4)
  4 iguanas
  5 sleepcaps
  Terence (D:3)
  2 hound zombies (D:4)
  A mummy (D:4)
  A howler monkey zombie (D:4)
  Robin (D:2)
  7 gnolls
  6 adders
  An ufetubus (D:5)
  An adder zombie (D:4)
  2 dart slugs (D:2)
  5 orcs
  4 ball pythons
  7 endoplasms
  3 giant cockroaches
  13 goblins
  7 hobgoblins
  2 jackals (D:2)
  5 quokkas
  3 bats
  3 frilled lizards
  12 kobolds
  4 rats
130 creatures vanquished.

Notes
Turn   | Place    | Note
-------+----------+-------------------------------------------
     0 | D:1      | qw the Gargoyle Hunter began the quest for the Orb.
     0 | D:1      | Reached XP level 1. HP: 12/12 MP: 1/1
     0 | D:1      | 0 ||| qw: Version: 0.3-a-83-gcd0e7d8
     0 | D:1      | 0 ||| qw: Game counter: 1502
     0 | D:1      | 0 ||| qw: Melee chars always use a shield: true
     0 | D:1      | 0 ||| qw: God list: Okawaru
     0 | D:1      | 0 ||| qw: Allow faded altars: false
     0 | D:1      | 0 ||| qw: Do Orc after clearing Dungeon:15 true
     0 | D:1      | 0 ||| qw: Do second Lair branch before Depths: true
     0 | D:1      | 0 ||| qw: Lair rune preference: random
     0 | D:1      | 0 ||| qw: Goals: Normal
     0 | D:1      | 0 ||| PLANNING D:1-11
     9 | D:1      | Found Zuass's Book Shop.
    67 | D:1      | Reached XP level 2. HP: 17/17 MP: 2/2
   582 | D:1      | 582 ||| READING 2 scrolls labelled TUONOH EQAE.
   583 | D:1      | 583 ||| READING scroll labelled GIUSIO ED USIN.
   584 | D:1      | 584 ||| READING scroll labelled YSIAHUOQIDD.
   585 | D:1      | 585 ||| READING scroll labelled HIERAF POWN.
   586 | D:1      | 586 ||| READING scroll labelled XUAMOO ZEOLUN.
   587 | D:1      | 587 ||| DRINKING 2 bubbling clear potions.
   616 | D:1      | 616 ||| DROPPING scroll of butterflies.
   617 | D:1      | 617 ||| DROPPING potion of lignification.
   638 | D:2      | 638 ||| Stepping ~*~*~tactically~*~*~ (retreating).
   694 | D:2      | Reached skill level 5 in Ranged Weapons
   694 | D:2      | Reached XP level 3. HP: 21/21 MP: 3/3
   766 | D:2      | 766 ||| FLEEEEING.
   768 | D:2      | Noticed Robin
   772 | D:2      | 772 ||| FLEEEEING.
   773 | D:2      | 773 ||| FLEEEEING.
   777 | D:2      | 777 ||| FLEEEEING.
   778 | D:2      | 778 ||| FLEEEEING.
   779 | D:2      | 779 ||| FLEEEEING.
   786 | D:2      | Killed Robin
   787 | D:2      | Reached skill level 3 in Fighting
   787 | D:2      | Reached XP level 4. HP: 26/28 MP: 4/4
  1265 | D:2      | 1265 ||| UPGRADING to +0 helmet.
  1270 | D:2      | 1270 ||| READING scroll of enchant armour.
  1270 | D:2      | 1270 ||| ENCHANTING +0 helmet.
  1271 | D:2      | 1271 ||| UPGRADING to amulet of reflection.
  1276 | D:2      | 1276 ||| DROPPING ring of wizardry.
  1277 | D:2      | 1277 ||| READING scroll labelled YGYEMA EDEFY.
  1301 | D:3      | 1301 ||| STAIRDANCE
  1391 | D:3      | 1391 ||| STAIRDANCE
  1393 | D:2      | 1393 ||| Stepping ~*~*~tactically~*~*~ (retreating).
  1394 | D:2      | 1394 ||| Stepping ~*~*~tactically~*~*~ (retreating).
  1396 | D:2      | 1396 ||| Stepping ~*~*~tactically~*~*~ (retreating).
  1398 | D:2      | 1398 ||| Stepping ~*~*~tactically~*~*~ (retreating).
  1400 | D:2      | 1400 ||| Stepping ~*~*~tactically~*~*~ (retreating).
  1404 | D:2      | Reached XP level 5. HP: 32/32 MP: 5/5
  1460 | D:3      | Reached skill level 6 in Ranged Weapons
  1570 | D:3      | Noticed Terence
  1582 | D:3      | Killed Terence
  1583 | D:3      | Reached skill level 1 in Armour
  2281 | D:3      | Reached XP level 6. HP: 21/38 MP: 6/6
  2461 | D:3      | 2461 ||| UPGRADING to +0 ring mail.
  2471 | D:3      | 2471 ||| DROPPING +0 leather armour.
  2472 | D:3      | 2472 ||| READING 3 scrolls labelled KILO LADWISOL.
  2473 | D:3      | 2473 ||| READING 2 scrolls of identify.
  2473 | D:3      | 2473 ||| IDENTIFYING coppery potion
  2631 | D:4      | Found Yxihocs's Tiny Tomes.
  2723 | D:4      | Noticed a sky beast
  2748 | D:4      | Killed a sky beast
  2749 | D:4      | Reached skill level 7 in Ranged Weapons
  2760 | D:4      | Reached XP level 7. HP: 39/43 MP: 7/7
  2775 | D:4      | Found a stormy altar of Qazlal.
  2848 | D:4      | Noticed Natasha
  2865 | D:4      | Killed Natasha
  2923 | D:4      | Found a glowing silver altar of Zin.
  2923 | D:4      | Found a shimmering blue altar of Sif Muna.
  3013 | D:4      | HP: 1/43 [ogre/+0 giant spiked club (16)]
  3014 | D:4      | 3014 ||| READING 2 scrolls of teleportation.
  3016 | D:4      | Reached skill level 8 in Ranged Weapons
  3478 | D:4      | Found a basalt altar of Yredelemnul.
  3500 | D:4      | Reached XP level 8. HP: 49/49 MP: 8/8
  3572 | D:4      | Noticed Natasha
  3579 | D:4      | Killed Natasha
  3818 | D:4      | Reached skill level 9 in Ranged Weapons
  3970 | D:4      | Noticed Natasha
  3976 | D:4      | Killed Natasha
  4064 | D:4      | 4064 ||| READING scroll labelled FEVIRU DOCSE.
  4065 | D:4      | 4065 ||| READING scroll labelled YHURCH FOAGY.
  4113 | D:5      | Entered Level 5 of the Dungeon
  4125 | D:5      | Found Giut's Magic Scroll Emporium.
  4129 | D:5      | 4129 ||| BUYING scroll of identify (26 gold).
  4129 | D:5      | Bought a scroll of identify for 26 gold pieces
  4129 | D:5      | 4129 ||| BUYING scroll of teleportation (39 gold).
  4129 | D:5      | Bought a scroll of teleportation for 39 gold pieces
  4129 | D:5      | 4129 ||| BUYING scroll of teleportation (39 gold).
  4129 | D:5      | Bought a scroll of teleportation for 39 gold pieces
  4247 | D:5      | Reached skill level 6 in Fighting
  4318 | D:5      | Found a broken altar of Ashenzari.
  4359 | D:5      | 4359 ||| READING scroll labelled TEN YZOAMOOPUJ.
  4392 | D:5      | 4392 ||| READING 2 scrolls of identify.
  4392 | D:5      | 4392 ||| IDENTIFYING amethyst potion
  4393 | D:5      | 4393 ||| DROPPING potion of invisibility.
  4888 | D:5      | HP: 5/51 [centaur/arrow (10)]
  4889 | D:5      | 4889 ||| READING 3 scrolls of teleportation.
  4892 | D:5      | Reached skill level 10 in Ranged Weapons
  5112 | D:6      | Found a staircase to the Ecumenical Temple.
  5113 | D:6      | 5113 ||| PLANNING TEMPLE
  5113 | D:6      | 5113 ||| STAIRDANCE
  5123 | D:5      | Reached XP level 9. HP: 52/55 MP: 9/9
  5135 | D:6      | 5135 ||| STAIRDANCE
  5148 | D:6      | 5148 ||| STAIRDANCE
  5198 | D:6      | Noticed Pikel
  5199 | D:6      | 5199 ||| Stepping ~*~*~tactically~*~*~ (retreating).
  5200 | D:6      | 5200 ||| Stepping ~*~*~tactically~*~*~ (retreating).
  5201 | D:6      | 5201 ||| RETREEAATING.
  5202 | D:6      | 5202 ||| Stepping ~*~*~tactically~*~*~ (retreating).
  5203 | D:6      | 5203 ||| Stepping ~*~*~tactically~*~*~ (retreating).
  5204 | D:6      | 5204 ||| Stepping ~*~*~tactically~*~*~ (retreating).
  5205 | D:6      | 5205 ||| Stepping ~*~*~tactically~*~*~ (retreating).
  5206 | D:6      | 5206 ||| Stepping ~*~*~tactically~*~*~ (retreating).
  5207 | D:6      | 5207 ||| Stepping ~*~*~tactically~*~*~ (retreating).
  5208 | D:6      | 5208 ||| Stepping ~*~*~tactically~*~*~ (retreating).
  5209 | D:6      | 5209 ||| Stepping ~*~*~tactically~*~*~ (retreating).
  5218 | D:6      | HP: 13/57 [orc priest/divine providence (8)]
  5219 | D:6      | 5219 ||| READING 2 scrolls of teleportation.
  5226 | D:6      | 5226 ||| READING scroll of teleportation.
  5390 | D:6      | 5390 ||| Stepping ~*~*~tactically~*~*~ (retreating).
  5391 | D:6      | 5391 ||| Stepping ~*~*~tactically~*~*~ (retreating).
  5393 | D:6      | 5393 ||| Stepping ~*~*~tactically~*~*~ (retreating).
  5415 | D:6      | Killed Pikel
  5416 | D:6      | Reached skill level 11 in Ranged Weapons
  5452 | Temple   | Entered the Ecumenical Temple
  5453 | Temple   | 5453 ||| PLANNING OKAWARU WORSHIP
  5462 | Temple   | Became a worshipper of Warmaster Okawaru
  5463 | Temple   | 5463 ||| PLANNING D:1-11
  5515 | D:6      | Found a runed translucent door.
  5516 | D:6      | Noticed Crazy Yiuf
  5652 | D:6      | Noticed Jeremiah
  5668 | D:6      | 5668 ||| READING scroll labelled AQEHUHEUMM.
  5680 | D:6      | HP: 6/57 [Jeremiah/divine providence (14)]
  5684 | D:6      | Killed from afar by Jeremiah

Levels and vault maps discovered:
D:1:      ebering_hopf_link, layout_basic, serial_shops, shop
D:2:      layout_basic, grunt_decor_arrowhead, uniq_robin
D:3:      layout_basic, uniq_terence
D:4:      black_bear_nest_1, layout_basic, lemuel_mausoleum_altar_yredelemnul,
          nicolae_qazlal_beasts_of_the_sky, gammafunk_temple_overflow_wave,
          nicolae_shop_i_like_small_books_too, minmay_unequal, uniq_natasha
D:5:      layout_basic, mainiacjoe_overflow_tiny_flanked, serial_shops, shop
D:6:      layout_basic, minmay_temple_entry_proselytizer,
          uniq_crazy_yiuf_cottage, uniq_jeremiah, uniq_pikel, uniq_duvessa
D:7:      kennysheep_six_static_rooms, layout_basic, minmay_between
Temple:   nicolae_temple_x_marks_the_god

Skill      XL: |  1  2  3  4  5  6  7  8  9 |
---------------+----------------------------+-----
Ranged Weapons | 5 6 7 8 10 11 | 11.0
Fighting       | 3 4 5 6 7 |  7.0
Armour         | 1 2 |  2.6
Dodging        | 2 |  2.4
Stealth        | |  1.1

Action                     |  1- 3 |  4- 6 |  7- 9 || total
---------------------------+-------+-------+-------++-------
   Fire: Shortbow          |   123 |   199 |   421 ||   743
    Use: Scroll            |     5 |     4 |     9 ||    18
         Potion            |     1 |       |       ||     1
 Armour: Leather armour    |    47 |    42 |       ||    89
         Ring mail         |       |    29 |   212 ||   241
  Dodge: Dodged            |    42 |    61 |   177 ||   280
  Block: Other             |       |    29 |    60 ||    89
         Reflection        |       |     1 |     1 ||     2

Table legend:
 A = Non-vault XP
 B = Vault XP
 C = Vault XP percentage of total XP
 D = Non-vault monster count
 E = Vault monster count
 F = Vault count percentage of total count
                 A         B        C        D         E       F
            +---------+---------+-------+---------+---------+-------
      Total |    1885 |    1598 |  45.9 |      98 |      30 |  23.4
            +---------+---------+-------+---------+---------+-------
        D:1 |      30 |       0 |   0.0 |      18 |       0 |   0.0
        D:2 |     135 |      31 |  18.7 |      24 |       9 |  27.3
        D:3 |      93 |      32 |  25.6 |      14 |       1 |   6.7
        D:4 |     570 |     807 |  58.6 |      23 |      18 |  43.9
        D:5 |     829 |       0 |   0.0 |      14 |       0 |   0.0
        D:6 |     228 |     728 |  76.2 |       5 |       2 |  28.6
            +---------+---------+-------+---------+---------+-------
